AoeStats
← jamakucky

Arabia

510016764Analyzed
1v1 RM · 1d ago on Sep 29, 2026· 64m 5s· 2 players
Game mode
Random Map
Map size
Tiny (2 player)
Population
200
Speed
Normal
Resources
Standard
Victory
Conquest
Starting age
Dark Age
Ending age
Imperial Age
RankedLock teamsTeams togetherTeam positionsShared explorationLock speedFull tech treeHidden civsTurbo modeCheats
Victory
Defeat
🇰🇿 Persians · Kazakhstan
1138
+16
🇺🇸 Varangians · United States
1148
-16
jamakucky
6:49 Loom
15:58 Feudal Age
16:21 Double-Bit Axe
18:36 Fletching
21:15 Scale Mail Armor
21:43 Horse Collar
23:28 Man-at-Arms
25:58 Arson
32:30 Castle Age
30:48 Gold Mining
33:40 Wheelbarrow
34:50 Bow Saw
34:48 Heavy Plow
35:53 Bloodlines
36:13 Scale Barding Armor
37:27 Chain Barding Armor
37:15 Husbandry
37:39 Ballistics
37:07 Long Swordsman
37:33 Gambesons
39:05 Forging
41:30 Iron Casting
40:59 Town Watch
41:52 Hand Cart
41:37 Bodkin Arrow
44:26 Padded Archer Armor
47:07 Imperial Age
44:02 Light Cavalry
47:32 Masonry
46:48 Cavalier
48:11 Gold Shaft Mining
48:49 Two-Man Saw
49:45 Plate Barding Armor
50:11 Blast Furnace
50:19 Hussar
51:37 Savar
52:09 Pikeman
52:50 Squires
59:48 Halberdier
63:48 Chain Mail Armor
Cilantro Ranger
8:47 Loom
10:34 Feudal Age
23:12 Bloodlines
23:36 Fletching
26:39 Forging
30:54 Castle Age
30:56 Crossbowman
35:53 Wheelbarrow
36:26 Husbandry
37:26 Scale Barding Armor
37:50 Forging
38:59 Chain Barding Armor
38:55 Bodkin Arrow
40:39 Town Watch
43:56 Hand Cart
46:26 Imperial Age
43:57 Stone Mining
46:38 Cavalier
49:12 Hand Cart
48:53 Double-Bit Axe
52:21 Plate Barding Armor
Connection lost

Rejoining the realm…

Still unreachable

The connection could not be restored.

Session expired

The server has moved on; the page needs a fresh start.